 Dungeon Crawl Stone Soup version 0.31-a0-366-ga77b45bd9b (webtiles) character file.

Game seed: 14727767818069849427

58 AdnanSaban the Covered (level 4, -2/29 HPs)
             Began as a Gargoyle Fighter on July 28, 2023.
             Slain by an orc priest
             ... wielding a +0 flail
              (3 damage)
             ... on level 3 of the Dungeon.
             The game lasted 00:01:13 (1999 turns).

AdnanSaban the Covered (Gargoyle Fighter)           Turns: 1999, Time: 00:01:13

Health: -2/29      AC: 10    Str: 22    XL:     4   Next: 2%
Magic:  4/4        EV:  9    Int:  8    God:
Gold:   109        SH:  4    Dex:  9    Spells: 3/3 levels left

rFire   . . .        a - +0 flail
rCold   . . .        c - +0 buckler
rNeg    + . .        b - +0 scale mail
rPois   ∞            (no helmet)
rElec   +            (no cloak)
rCorr   .            (no gloves)
SInv    .            (no boots)
Will    .....        (no amulet) Stlth
                     (no ring)
HPRegen 0.24/turn    (no ring)
MPRegen 0.09/turn

%: no passive effects
@: no status effects
A: sickness immunity, AC +3, negative energy resistance 1, electricity
resistance, torment resistance 1, petrification resistance
a: no special abilities


You were on level 3 of the Dungeon.
You visited 1 branch of the dungeon, and saw 3 of its levels.

You collected 109 gold pieces.

Inventory:

Hand Weapons
 a - a +0 flail (weapon)
Missiles
 f - 6 poisoned darts
 j - 3 curare-tipped darts
Armour
 b - a +0 scale mail (worn)
 c - a +0 buckler (worn)
Jewellery
 e - a ring of protection from cold
Scrolls
 h - 4 scrolls of identify {unknown}
 i - a scroll of noise {unknown}
 m - a scroll of revelation {unknown}
Potions
 d - a potion of might
 g - a potion of heal wounds {unknown}
 k - a potion of curing {unknown}
 l - a potion of haste {unknown}


   Skills:
 + Level 3.8 Fighting
 + Level 2.6 Maces & Flails
 + Level 4.1 Armour
 + Level 0.1 Dodging
 + Level 3.5 Shields


You had 3 spell levels left.
You didn't know any spells.
Your spell library was empty.

Dungeon Overview and Level Annotations

Branches:
Dungeon (3/15)

Altars:

Shops:
D:2 *[!?


Innate Abilities, Weirdness & Mutations

You are immune to sickness and miasma.
Your stone body is resilient. (AC +3)
You are immune to poison.
You resist negative energy. (rN+)
You are resistant to electric shocks. (rElec)
You are resistant to unholy torment.
You are immune to petrification.


Message History

You closely miss the orc. The kobold barely misses you. The orc misses you.
You sock the orc!
You kill the orc!
The kobold closely misses you.
An orc comes into view. It is wielding a +0 dagger.
You block the kobold's attack.
You hit the kobold but do no damage. The kobold hits you but does no damage.
You closely miss the kobold. The kobold hits you but does no damage.
You thump the orc!
You kill the orc!
The kobold hits you but does no damage. x2
You have reached level 4!
You feel stronger.
You barely miss the kobold. You block the kobold's attack.
You barely miss the kobold. The kobold barely misses you.
You miss the kobold. The kobold hits you with a +0 dagger.
You closely miss the kobold. The kobold hits you but does no damage.
An orc wizard comes into view. It is wielding a +0 dagger.
The kobold hits you but does no damage.
The orc wizard shouts!
You hit the kobold but do no damage. You block the kobold's attack.
You hit the orc wizard but do no damage.
The kobold barely misses you. The orc wizard completely misses you.
You hit the orc priest.
The orc priest is lightly wounded.
The kobold barely misses you. You block the orc wizard's attack.
The orc priest mumbles some strange prayers to Beogh against you.
Beogh smites you!
Ouch! That really hurt!
The orc wizard barely misses you.
The orc priest calls down the wrath of Beogh upon you.
Beogh smites you!
* * * LOW HITPOINT WARNING * * *
The kobold hits you with a +0 dagger.
* * * LOW HITPOINT WARNING * * *
The orc wizard casts a spell at you. You resist with some effort.
The kobold closely misses you.
The orc priest attacks as you move away!
The orc priest hits you with a +0 flail.
You die...

. . .. .. #.
..< .. ....
#.#### .....
#....####......
#oo@.....#
#.K.<.#.##
#.#).## #
...#.## #.###.#
#. ..# . ....
.. ..... ....


You could see an orc priest, an orc wizard and a kobold.

Vanquished Creatures
  An adder (D:2)
  2 orcs (D:3)
  8 ball pythons
  A bat (D:1)
  2 endoplasms (D:1)
  2 giant cockroaches (D:2)
  4 goblins
  4 hobgoblins
  6 jackals (D:2)
  2 kobolds
  2 quokkas
  2 frilled lizards
  3 rats
39 creatures vanquished.

Notes
Turn   | Place    | Note
-------+----------+-------------------------------------------
     0 | D:1      | AdnanSaban the Gargoyle Fighter began the quest for the
                  | Orb.
     0 | D:1      | Reached XP level 1. HP: 14/14 MP: 1/1
   133 | D:1      | Reached XP level 2. HP: 12/19 MP: 2/2
   660 | D:1      | Found a faded altar of an unknown god.
   873 | D:2      | Found Jafe's Antique Armour Emporium.
   998 | D:2      | Found Gousin's Magic Scroll Shoppe.
  1091 | D:2      | Reached XP level 3. HP: 24/24 MP: 3/3
  1098 | D:2      | Found Veucaec's Assorted Antiques.
  1196 | D:2      | Reached skill level 4 in Armour
  1254 | D:2      | Found Neppats's Distillery.
  1991 | D:3      | Reached XP level 4. HP: 29/29 MP: 4/4
  1997 | D:3      | HP: 1/29 [kobold/+0 dagger (1)]
  1999 | D:3      | Slain by an orc priest

Illustrated notes

Levels and vault maps discovered:
D:1:      dpeg_arrival_chambers_temple_mockup, layout_loops_ring,
          shapermc_ecumenical_altar_flowoftime
D:2:      layout_basic, serial_shops, shop, shop, shop, shop,
          roderic_serpentine_path
D:3:      layout_rooms, elyvilon_altar_3, hangedman_abyss_or_decor_stabs,
          st_stairs_3, chequers_garden

Skill      XL: |  1  2  3 |
---------------+----------+-----
Armour         | 4 |  4.1
Fighting       | |  3.8
Maces & Flails | |  2.6
Dodging        | |  0.1
Shields        | |  3.5

Action                     |  1- 3 |  4- 6 || total
---------------------------+-------+-------++-------
  Melee: Flail             |   117 |     7 ||   124
 Armour: Scale mail        |    83 |     2 ||    85
  Dodge: Dodged            |    66 |     6 ||    72
  Block: Buckler           |    29 |     3 ||    32

Table legend: (Time is in decaauts)
 A = Elapsed time spent in this place.
 B = Non-inter-level travel time spent in this place.
 C = Inter-level travel time spent in this place.
 D = Time resting spent in this place.
 E = Time spent auto-exploring this place.
 F = Levels seen in this place.
 G = Mean time per level.
                   A        B        C        D        E       F      G
               +--------+--------+--------+--------+--------+-----+--------+
         Total |   2039 |   1983 |     56 |      0 |   1692 |   3 |  679.7 |
       Dungeon |   2039 |   1983 |     56 |      0 |   1692 |   3 |  679.7 |
               +--------+--------+--------+--------+--------+-----+--------+

Top non-repeatable levels by time:
     D:2: 1160 daAuts
     D:1: 847 daAuts
     D:3: 31 daAuts
